 Dungeon Crawl Stone Soup version 0.23.0-3-gf3c87f2 (webtiles) character file.

Game seed: 279930581259703760

119 Kairos the Shield-Bearer (level 5, -1/28 HPs)
             Began as a Vine Stalker Fighter on Feb 22, 2019.
             Slain by a gnoll
             ... wielding a +0 halberd
              (11 damage)
             ... on level 3 of the Dungeon.
             The game lasted 00:02:14 (1738 turns).

Kairos the Shield-Bearer (Vine Stalker Fighter)     Turns: 1738, Time: 00:02:15

Health: -1/28      AC:  8    Str: 19    XL:     5   Next: 3%
Magic:  0/6        EV:  7    Int:  8    God:
Gold:   177        SH:  9    Dex: 14    Spells: 4/4 levels left

rFire    . . .     SeeInvis .   a - +1 war axe
rCold    . . .     Gourm    .   c - +0 shield
rNeg     . . .     Faith    .   b - +1 scale mail
rPois    .         Spirit   +   p - +0 helmet
rElec    .         Reflect  .   (no cloak)
rCorr    .         Harm     .   (no gloves)
MR       .....                  (no boots)
Stlth    ..........             (no amulet)
HPRegen  0.49/turn              (no ring)
MPRegen  0.10/turn              (no ring)

@: no status effects
A: fangs 2, regeneration 1, magic shield, antimagic bite, no potion heal 3, rot
immunity
a: no special abilities


You were on level 3 of the Dungeon.
You were not hungry.

You visited 1 branch of the dungeon, and saw 3 of its levels.

You collected 177 gold pieces.

Inventory:

Hand Weapons
 a - a +1 war axe (weapon)
 m - a +0 morningstar
Armour
 b - a +1 scale mail (worn)
 c - a +0 shield (worn)
 p - a +0 helmet (worn)
Scrolls
 e - a scroll of fog
 g - 3 scrolls of teleportation
 h - 2 scrolls of remove curse
 k - 4 scrolls of amnesia {unknown}
 o - a scroll of identify
Potions
 d - a potion of might
 j - a potion of curing {unknown}
 l - 2 potions of brilliance {unknown}
Comestibles
 f - 4 rations


   Skills:
 + Level 3.0 Fighting
 + Level 3.0 Axes
 + Level 2.9 Armour
 + Level 0.5 Dodging
 + Level 3.5 Shields


You had 4 spell levels left.
You didn't know any spells.
Your spell library contained the following spells:

 Spells                   Type           Power        Failure   Level  Hunger
 Confusing Touch          Hex            #.....       99%         1    ##.....
 Confuse                  Hex            #.......     100%        3    ####...
 Gell's Gravitas          Tloc           #.........   100%        3    ####...
 Petrify                  Tmut/Erth      #.......     100%        4    #####..
 Metabolic Englaciation   Hex/Ice        #.........   100%        5    ######.
 Yara's Violent Unravell  Hex/Tmut       #.........   100%        5    ######.


Dungeon Overview and Level Annotations

Branches:
Dungeon (3/15)

Altars:


Innate Abilities, Weirdness & Mutations

You have extremely sharp teeth.
Your natural rate of healing is unusually fast.
When hurt, damage is shared between your health and your magic reserves.
Your bite disrupts and absorbs the magic of your enemies.
Potions cannot restore your health.
You are immune to rotting.


Message History

You are too injured to fight recklessly!
You are too injured to fight recklessly!
You are too injured to fight recklessly!
You are too injured to fight recklessly!
You are too injured to fight recklessly!
You are too injured to fight recklessly!
You are too injured to fight recklessly!
You are too injured to fight recklessly!
You hit the gnoll. You bite the gnoll, but do no damage.
The gnoll is almost dead.
You block the gnoll's attack. x2
You closely miss the gnoll.
The gnoll is almost dead.
The gnoll hits you but does no damage. The gnoll hits you with a +0 flail.
You slash the gnoll!
You kill the gnoll!
Your Axes skill increases to level 3!
You have reached level 5!
The gnoll hits you from afar with a +0 halberd!
You die...

#...# #..###
#..## .....
#.## .>### #.#
# #.# . #.# ##
#.# ##### #
#.#######......
#......@)g.....
#########.#####
#


You could see a gnoll.

Vanquished Creatures
  Robin (D:3)
  2 gnolls (D:3)
  An adder (D:2)
  An ooze (D:3)
  2 leopard geckos
  6 orcs
  2 ball pythons (D:1)
  6 bats
  5 giant cockroaches
  17 goblins
  4 hobgoblins
  2 quokkas (D:3)
  7 frilled lizards
  5 kobolds
  2 rats (D:1)
63 creatures vanquished.

Notes
Turn   | Place    | Note
-------+----------+-------------------------------------------
     0 | D:1      | Kairos the Vine Stalker Fighter began the quest for the
                  | Orb.
     0 | D:1      | Reached XP level 1. HP: 11/11 MP: 2/2
    82 | D:1      | Reached XP level 2. HP: 14/16 MP: 1/3
   264 | D:1      | Reached XP level 3. HP: 19/19 MP: 2/4
  1357 | D:2      | Gained mutation: Your natural rate of healing is unusually
                  | fast. [Vine Stalker growth]
  1357 | D:2      | Reached XP level 4. HP: 20/23 MP: 5/5
  1521 | D:3      | Noticed Robin
  1537 | D:3      | Killed Robin
  1738 | D:3      | Reached XP level 5. HP: 10/28 MP: 1/6
  1738 | D:3      | Slain by a gnoll

Skill      XL: |  1  2  3  4 |
---------------+-------------+-----
Axes           | 2 3 |  3.0
Shields        | 3 |  3.5
Fighting       | 3 |  3.0
Armour         | |  2.9
Dodging        | |  0.5

Action                   |  1- 3 |  4- 6 || total
-------------------------+-------+-------++-------
Melee: War axe           |    99 |    55 ||   154
       Bite              |    21 |    16 ||    37
  Use: Scroll            |     4 |     3 ||     7
       Potion            |     1 |       ||     1
  Eat: Chunk             |     1 |     2 ||     3
Armor: Scale mail        |    43 |    29 ||    72
Dodge: Dodged            |    32 |     9 ||    41
Block: Shield            |    59 |    33 ||    92
